 Dungeon Crawl Stone Soup version 0.30-a0-224-ge52a3cb02f (webtiles) character file.

Game seed: 1734219116010236008

711 qw the Chopper (level 7, -5/43 HPs)
             Began as a Gargoyle Fighter on Oct 9, 2022.
             Was a Follower of Okawaru.
             Shot with a bolt by a wight (11 damage)
             ... on level 5 of the Dungeon.
             The game lasted 00:02:01 (4117 turns).

qw the Chopper (Gargoyle Fighter)                   Turns: 4117, Time: 00:02:02

Health: -5/43      AC: 17    Str: 21    XL:     7   Next: 68%
Magic:  3/8        EV:  9    Int:  9    God:    Okawaru [*.....]
Gold:   294        SH:  5    Dex:  9    Spells: 6/6 levels left

rFire   + . .      SeeInvis .    Y - +1 war axe
rCold   + . .      Faith    .    c - +0 buckler
rNeg    + . .      Spirit   .    n - +0 chain mail
rPois   inf        Reflect  .    i - +0 helmet
rElec   +          Harm     .    g - scarf {rC+ rF+}
rCorr   .          Rampage  .    (no gloves)
Will    .....                    (no boots)
Stlth   ..........               h - amulet of regeneration
HPRegen 1.07/turn                (no ring)
MPRegen 0.11/turn                (no ring)

@: heroic
A: sickness immunity, AC +4, negative energy resistance 1, electricity
resistance, torment resistance 1, petrification resistance
a: Renounce Religion, Heroism


You were on level 5 of the Dungeon.
You worshipped Okawaru.
Okawaru was aware of your devotion.
You visited 2 branches of the dungeon, and saw 6 of its levels.

You collected 294 gold pieces.


Innate Abilities, Weirdness & Mutations

You are immune to sickness and miasma.
Your stone body is resilient. (AC +4)
You are immune to poison.
You resist negative energy. (rN+)
You are resistant to electric shocks. (rElec)
You are resistant to unholy torment.
You are immune to petrification.


   Skills:
 - Level 4.1(9.1) Fighting
 + Level 6.8(11.8) Axes
 - Level 3.2(8.2) Armour
 - Level 1.3(6.3) Dodging
 - Level 3.2(8.2) Shields
 + Level 2.4 Invocations


You had 6 spell levels left.
You didn't know any spells.
Your spell library was empty.

Inventory:

Hand Weapons
 e - a +0 morningstar
 Y - a +1 war axe (weapon)
Armour
 c - a +0 buckler (worn)
 g - a scarf of resistance (worn)
 i - a +0 helmet (worn)
 n - a +0 chain mail (worn)
Jewellery
 h - an amulet of regeneration (around neck)
Scrolls
 j - 2 scrolls of teleportation
 o - a scroll of identify
Potions
 a - a potion of invisibility {unknown}
 d - 3 potions of might
 f - a potion of flight {unknown}
 k - a potion of resistance {unknown}
 m - a potion of heal wounds {unknown}

Dungeon Overview and Level Annotations

Branches:
Dungeon (5/15)             Temple (1/1) D:4

Altars:
Cheibriados
Dithmenos
Elyvilon
Fedhas
Gozag
Hepliaklqana
Kikubaaqudgha
Nemelex Xobeh
Okawaru
Ru
Sif Muna
Trog
Uskayaw
Wu Jian
Xom
Yredelemnul
Zin
The Shining One

Annotations:
D:4 3 runed translucent doors, qw's ghost, novice GrFi


Message History

The ogre misses you.
You slash the ogre!
The ogre is heavily wounded.
A wight comes into view. It is wielding a +0 triple crossbow.
You block the ogre's attack.
You slash the ogre!
You kill the ogre!
Okawaru accepts your kill.
The wight shoots a bolt.
The bolt barely misses you.
Your Invocations skill increases to level 2!
You slash the orc!
You kill the orc!
Okawaru accepts your kill.
The wight shoots a bolt.
The bolt hits you.
You hit the wight.
The wight is lightly damaged.
You block the wight's attack.
You completely miss the wight.
The wight is lightly damaged.
The wight barely misses you.
The wight shoots a bolt.
The bolt hits you but does no damage.
You slash the wight!
The wight is almost destroyed.
The wight shoots a bolt.
The bolt closely misses you. The wight barely misses you.
You slash the wight!
You destroy the wight!
Okawaru accepts your kill.
The wight shoots a bolt.
The bolt hits you!!
You hit the wight but do no damage. The wight barely misses you.
You closely miss the wight.
You feel like a meek peon again. The wight hits you but does no damage.
The wight shoots a bolt.
The bolt hits you!
4117 ||| INVOKING Heroism.
You gain the combat prowess of a mighty hero.
The wight hits you with a +5 hand axe of freezing!
The wight shoots a bolt.
The bolt hits you!
You die...

###.####.##.###.#
................#
##..###..##.##..#
#...###..##.##z.#
.....##..##.##..##
#..........o.....#
##.####.######.#.#
#.# # #.#)# #.#
..#@# ##'## ####z#
#...## #.# .....##
#.# ......## #.#
.......####... #.#
.......'...... ...
.......####... #.#
......##


You could see 2 wights.

Vanquished Creatures
  An ice beast (D:5)
  An ogre (D:5)
  A wight (D:5)
  2 orc priests
  2 hounds
  2 iguanas (D:4)
  3 orc wizards
  Robin (D:4)
  4 gnolls
  8 adders
  2 worms
  2 dart slugs
  14 orcs
  5 endoplasms
  3 giant cockroaches
  21 goblins
  5 hobgoblins
  7 kobolds
  6 quokkas
  5 ball pythons
  4 bats
  3 frilled lizards
  7 rats
109 creatures vanquished.

Notes
Turn   | Place    | Note
-------+----------+-------------------------------------------
     0 | D:1      | qw the Gargoyle Fighter began the quest for the Orb.
     0 | D:1      | Reached XP level 1. HP: 14/14 MP: 1/1
     0 | D:1      | 0 ||| qw: Version: 0.2-a-17-g06abaee
     0 | D:1      | 0 ||| qw: Game counter: 2270
     0 | D:1      | 0 ||| qw: Always use a shield: true
     0 | D:1      | 0 ||| qw: God list: Okawaru
     0 | D:1      | 0 ||| qw: Allow faded altars: false
     0 | D:1      | 0 ||| qw: Do Orc after D:15 true
     0 | D:1      | 0 ||| qw: Do second Lair branch before Depths: true
     0 | D:1      | 0 ||| qw: Lair rune preference: random
     0 | D:1      | 0 ||| qw: Plans: Normal, Zot:1-4, God:TSO, Crypt, Tomb,
                  | Pan, Slime:5, Hells, Abyss, Orb
     0 | D:1      | 0 ||| PLANNING D:1-11
   111 | D:1      | 111 ||| Stepping ~*~*~tactically~*~*~ (stealth).
   113 | D:1      | Reached skill level 2 in Axes
   118 | D:1      | 118 ||| Stepping ~*~*~tactically~*~*~ (stealth).
   120 | D:1      | 120 ||| Stepping ~*~*~tactically~*~*~ (stealth).
   128 | D:1      | 128 ||| Stepping ~*~*~tactically~*~*~ (hiding).
   137 | D:1      | Reached XP level 2. HP: 18/19 MP: 2/2
   944 | D:1      | 944 ||| UPGRADING to amulet of regeneration.
   949 | D:1      | 949 ||| READING scroll labelled UPIDISI SAHOUROMA.
   950 | D:1      | 950 ||| READING scroll labelled VIQAD BANWOE.
   951 | D:1      | 951 ||| READING scroll labelled NEAWOCIPEL.
   952 | D:1      | 952 ||| DRINKING 2 emerald potions.
  1029 | D:2      | Reached skill level 3 in Axes
  1029 | D:2      | Reached XP level 3. HP: 21/23 MP: 3/3
  1074 | D:2      | 1074 ||| DROPPING +0 mace of protection.
  1202 | D:2      | 1202 ||| Stepping ~*~*~tactically~*~*~ (hiding).
  1314 | D:2      | Found a bloodstained altar of Trog.
  1328 | D:2      | 1328 ||| Stepping ~*~*~tactically~*~*~ (stealth).
  1491 | D:2      | Reached XP level 4. HP: 28/28 MP: 4/4
  1742 | D:2      | 1742 ||| UPGRADING to scarf of resistance.
  1747 | D:2      | 1747 ||| READING scroll labelled OGUOFE APSE.
  1748 | D:2      | 1748 ||| READING scroll labelled PUAPUO FAKAIT.
  1749 | D:2      | 1749 ||| READING scroll labelled DAMNES SIUCARA.
  1750 | D:2      | 1750 ||| READING scroll labelled TYNKOT WISHYPP.
  2001 | D:3      | Reached skill level 4 in Axes
  2058 | D:3      | Found a glowing golden altar of the Shining One.
  2426 | D:3      | Reached XP level 5. HP: 32/32 MP: 5/5
  2459 | D:3      | Found a hide-covered altar of Uskayaw.
  2461 | D:3      | Found a snail-covered altar of Cheibriados.
  2462 | D:3      | Found a shadowy altar of Dithmenos.
  2523 | D:3      | 2523 ||| READING scroll labelled PIOCHI FAUTZ.
  2524 | D:3      | 2524 ||| READING scroll labelled HUSUSIR MELEA.
  2639 | D:4      | Noticed Robin
  2645 | D:4      | Killed Robin
  2646 | D:4      | Reached skill level 5 in Axes
  2673 | D:4      | 2673 ||| UPGRADING to +0 helmet.
  2685 | D:4      | 2685 ||| FLEEEEING.
  2686 | D:4      | 2686 ||| STAIRDANCE
  2687 | D:3      | Found a shimmering blue altar of Sif Muna.
  2687 | D:3      | Found a sparkling altar of Nemelex Xobeh.
  2704 | D:4      | 2704 ||| STAIRDANCE
  2713 | D:4      | 2713 ||| STAIRDANCE
  2722 | D:4      | 2722 ||| STAIRDANCE
  2734 | D:4      | HP: 8/32 [orc priest/+0 falchion (6)]
  2759 | D:4      | Found a staircase to the Ecumenical Temple.
  2760 | D:4      | 2760 ||| PLANNING TEMPLE
  2767 | Temple   | Entered the Ecumenical Temple
  2910 | Temple   | 2910 ||| PLANNING D:1-11
  2993 | D:4      | Reached XP level 6. HP: 38/38 MP: 6/6
  2993 | D:4      | Found an iron altar of Okawaru.
  2994 | D:4      | 2994 ||| PLANNING OKAWARU WORSHIP
  2994 | D:4      | 2994 ||| READING scroll labelled VALOBO JIEDO.
  2997 | D:4      | 2997 ||| Stepping randomly (stuck).
  2998 | D:4      | 2998 ||| Stepping randomly (stuck).
  2999 | D:4      | 2999 ||| Stepping randomly (stuck).
  3000 | D:4      | 3000 ||| Stepping randomly (stuck).
  3001 | D:4      | 3001 ||| Stepping randomly (stuck).
  3002 | D:4      | 3002 ||| Stepping randomly (stuck).
  3003 | D:4      | 3003 ||| Stepping randomly (stuck).
  3004 | D:4      | 3004 ||| Stepping randomly (stuck).
  3005 | D:4      | 3005 ||| Stepping randomly (stuck).
  3006 | D:4      | 3006 ||| Stepping randomly (stuck).
  3007 | D:4      | 3007 ||| Stepping randomly (stuck).
  3008 | D:4      | 3008 ||| Stepping randomly (stuck).
  3009 | D:4      | 3009 ||| Stepping randomly (stuck).
  3010 | D:4      | 3010 ||| Stepping randomly (stuck).
  3011 | D:4      | 3011 ||| Stepping randomly (stuck).
  3012 | D:4      | 3012 ||| Stepping randomly (stuck).
  3013 | D:4      | 3013 ||| Stepping randomly (stuck).
  3014 | D:4      | 3014 ||| Stepping randomly (stuck).
  3015 | D:4      | 3015 ||| Stepping randomly (stuck).
  3016 | D:4      | 3016 ||| Stepping randomly (stuck).
  3017 | D:4      | 3017 ||| Stepping randomly (stuck).
  3018 | D:4      | 3018 ||| Stepping randomly (stuck).
  3019 | D:4      | 3019 ||| Stepping randomly (stuck).
  3020 | D:4      | 3020 ||| Stepping randomly (stuck).
  3021 | D:4      | 3021 ||| Stepping randomly (stuck).
  3022 | D:4      | 3022 ||| Stepping randomly (stuck).
  3023 | D:4      | 3023 ||| Stepping randomly (stuck).
  3024 | D:4      | 3024 ||| Stepping randomly (stuck).
  3025 | D:4      | 3025 ||| Stepping randomly (stuck).
  3026 | D:4      | 3026 ||| Stepping randomly (stuck).
  3027 | D:4      | 3027 ||| Stepping randomly (stuck).
  3028 | D:4      | 3028 ||| Stepping randomly (stuck).
  3029 | D:4      | 3029 ||| Stepping randomly (stuck).
  3030 | D:4      | 3030 ||| Stepping randomly (stuck).
  3031 | D:4      | 3031 ||| Stepping randomly (stuck).
  3032 | D:4      | 3032 ||| Stepping randomly (stuck).
  3033 | D:4      | 3033 ||| Stepping randomly (stuck).
  3034 | D:4      | 3034 ||| Stepping randomly (stuck).
  3035 | D:4      | 3035 ||| Stepping randomly (stuck).
  3036 | D:4      | 3036 ||| Stepping randomly (stuck).
  3037 | D:4      | 3037 ||| Stepping randomly (stuck).
  3038 | D:4      | 3038 ||| Stepping randomly (stuck).
  3039 | D:4      | 3039 ||| Stepping randomly (stuck).
  3040 | D:4      | 3040 ||| Stepping randomly (stuck).
  3041 | D:4      | 3041 ||| Stepping randomly (stuck).
  3042 | D:4      | 3042 ||| Stepping randomly (stuck).
  3043 | D:4      | 3043 ||| Stepping randomly (stuck).
  3044 | D:4      | 3044 ||| Stepping randomly (stuck).
  3045 | D:4      | 3045 ||| Stepping randomly (stuck).
  3046 | D:4      | 3046 ||| Stepping randomly (stuck).
  3047 | D:4      | 3047 ||| Stepping randomly (stuck).
  3048 | D:4      | 3048 ||| Stepping randomly (stuck).
  3049 | D:4      | 3049 ||| Stepping randomly (stuck).
  3050 | D:4      | 3050 ||| Stepping randomly (stuck).
  3051 | D:4      | 3051 ||| Stepping randomly (stuck).
  3052 | D:4      | 3052 ||| Stepping randomly (stuck).
  3053 | D:4      | 3053 ||| Stepping randomly (stuck).
  3054 | D:4      | 3054 ||| Stepping randomly (stuck).
  3055 | D:4      | 3055 ||| Stepping randomly (stuck).
  3056 | D:4      | 3056 ||| Stepping randomly (stuck).
  3057 | D:4      | 3057 ||| Stepping randomly (stuck).
  3058 | D:4      | 3058 ||| Stepping randomly (stuck).
  3059 | D:4      | 3059 ||| Stepping randomly (stuck).
  3060 | D:4      | 3060 ||| Stepping randomly (stuck).
  3061 | D:4      | 3061 ||| Stepping randomly (stuck).
  3062 | D:4      | 3062 ||| Stepping randomly (stuck).
  3063 | D:4      | 3063 ||| Stepping randomly (stuck).
  3064 | D:4      | 3064 ||| Stepping randomly (stuck).
  3065 | D:4      | 3065 ||| Stepping randomly (stuck).
  3066 | D:4      | 3066 ||| Stepping randomly (stuck).
  3067 | D:4      | 3067 ||| Stepping randomly (stuck).
  3068 | D:4      | 3068 ||| Stepping randomly (stuck).
  3069 | D:4      | 3069 ||| Stepping randomly (stuck).
  3070 | D:4      | 3070 ||| Stepping randomly (stuck).
  3071 | D:4      | 3071 ||| Stepping randomly (stuck).
  3072 | D:4      | 3072 ||| Stepping randomly (stuck).
  3073 | D:4      | 3073 ||| Stepping randomly (stuck).
  3074 | D:4      | 3074 ||| Stepping randomly (stuck).
  3075 | D:4      | 3075 ||| Stepping randomly (stuck).
  3075 | D:4      | Noticed an ice beast
  3076 | D:4      | 3076 ||| Stepping randomly (stuck).
  3112 | D:4      | Became a worshipper of Warmaster Okawaru
  3113 | D:4      | 3113 ||| PLANNING D:1-11
  3261 | D:4      | Noticed qw's ghost (novice GrFi)
  3262 | D:4      | Noticed an ice beast
  3308 | D:4      | Reached skill level 1 in Dodging
  3433 | D:4      | Found a runed translucent gate.
  3435 | D:4      | Found a runed translucent gate.
  3436 | D:4      | Found a runed translucent gate.
  3952 | D:4      | 3952 ||| UPGRADING to +0 chain mail.
  3962 | D:4      | 3962 ||| DROPPING +0 scale mail.
  3983 | D:5      | Entered Level 5 of the Dungeon
  4010 | D:5      | Noticed an ice beast
  4025 | D:5      | Killed an ice beast
  4025 | D:5      | Reached * piety under Okawaru
  4026 | D:5      | Reached skill level 6 in Axes
  4026 | D:5      | Reached XP level 7. HP: 41/43 MP: 7/7
  4091 | D:5      | 4091 ||| INVOKING Heroism.
  4093 | D:5      | 4093 ||| DRINKING 2 potions of curing.
  4093 | D:5      | 4093 ||| (to cure confusion)
  4094 | D:5      | 4094 ||| DRINKING potion of curing.
  4094 | D:5      | 4094 ||| (to cure confusion)
  4103 | D:5      | 4103 ||| INVOKING Heroism.
  4107 | D:5      | Reached skill level 1 in Invocations
  4117 | D:5      | 4117 ||| INVOKING Heroism.
  4117 | D:5      | HP: 6/43 [wight/+5 hand axe of freezing (8)]
  4117 | D:5      | Shot with a bolt by a wight

Levels and vault maps discovered:
D:1:      minmay_arrival_split_and_join, layout_basic
D:2:      layout_loops_ring, basic_altar, minmay_liquid_box
D:3:      layout_basic, nicolae_tso_swordbearing_angel,
          nicolae_overflow_hidden_temple, minitemple
D:4:      layout_basic, okawaru_altar_gauntlet_db, minmay_temple_entry_wispy,
          gammafunk_ghost_icy, fountainhead, minmay_bent, uniq_robin
D:5:      layout_loops_corners
Temple:   chequers_temple_sunken

Skill      XL: |  1  2  3  4  5  6  7 |
---------------+----------------------+-----
Axes           | 2 3 4 5 6 |  6.8
Fighting       | 4 |  4.1
Dodging        | 1 |  1.3
Invocations    | 2 |  2.4
Armour         | |  3.2
Shields        | |  3.2

Action                   |  1- 3 |  4- 6 |  7- 9 || total
-------------------------+-------+-------+-------++-------
Melee: War axe           |    70 |   203 |    29 ||   302
Throw: Boomerang         |    17 |       |       ||    17
Invok: Heroism           |       |       |     3 ||     3
  Use: Scroll            |     3 |     7 |       ||    10
       Potion            |     1 |       |     2 ||     3
Armor: Scale mail        |    29 |    85 |       ||   114
       Chain mail        |       |     9 |    22 ||    31
Dodge: Dodged            |    27 |    83 |    14 ||   124
Block: Buckler           |    12 |    36 |     9 ||    57

Table legend:
 A = Non-vault XP
 B = Vault XP
 C = Vault XP percentage of total XP
 D = Non-vault monster count
 E = Vault monster count
 F = Vault count percentage of total count
                 A         B        C        D         E       F
            +---------+---------+-------+---------+---------+-------
      Total |     850 |     167 |  16.4 |      85 |      24 |  22.0
            +---------+---------+-------+---------+---------+-------
        D:1 |      25 |       0 |   0.0 |      15 |       0 |   0.0
        D:2 |      63 |       0 |   0.0 |      22 |       0 |   0.0
        D:3 |     126 |       0 |   0.0 |      21 |       0 |   0.0
        D:4 |     198 |     167 |  45.8 |      15 |      24 |  61.5
        D:5 |     438 |       0 |   0.0 |      12 |       0 |   0.0
            +---------+---------+-------+---------+---------+-------
